AoeStats
← Blazing Cartesia, The Virtuous

Arabia

510347297Analyzed
1v1 RM · 1d ago on Sep 30, 2026· 50m 4s· 2 players
Game mode
Random Map
Map size
Tiny (2 player)
Population
200
Speed
Normal
Resources
Standard
Victory
Conquest
Starting age
Dark Age
Ending age
Imperial Age
RankedLock teamsTeams togetherTeam positionsShared explorationLock speedFull tech treeHidden civsTurbo modeCheats
Victory
Defeat
🇲🇽 Saxons · Mexico
1244
+17
1263
-17
deimmossq
2:28 Loom
6:19 Loom
9:07 Feudal Age
9:17 Man-at-Arms
9:51 Double-Bit Axe
17:06 Town Watch
19:34 Castle Age
17:40 Gold Mining
17:31 Horse Collar
24:12 Wheelbarrow
23:09 Pikeman
25:23 Bow Saw
26:38 Heavy Plow
28:16 Hand Cart
33:21 Imperial Age
31:57 Scale Mail Armor
32:31 Stone Mining
32:58 Squires
33:45 Forging
33:54 Chain Mail Armor
33:50 Forging
33:44 Capped Ram
35:41 Plate Mail Armor
37:12 Fletching
38:45 Iron Casting
38:18 Siege Ram
40:57 Elite Hearth Troop
42:10 Padded Archer Armor
43:22 Two-Man Saw
44:20 Town Patrol
44:34 Scale Barding Armor
44:25 Bodkin Arrow
44:42 Light Cavalry
45:24 Husbandry
46:19 Bloodlines
47:20 Chain Barding Armor
47:06 Halberdier
48:58 Conscription
48:51 Hussar
49:25 Elite Skirmisher
Blazing Cartesia, The Virtuous
5:51 Loom
6:06 Loom
9:18 Feudal Age
9:40 Double-Bit Axe
10:58 Horse Collar
17:38 Fletching
22:47 Castle Age
22:03 Gold Mining
23:26 Bloodlines
24:00 Husbandry
24:29 Heavy Plow
24:40 Bow Saw
24:52 Scale Barding Armor
27:42 Forging
30:40 Fervor
30:31 Crossbowman
32:17 Wheelbarrow
32:02 Bodkin Arrow
32:28 Chain Barding Armor
36:57 Imperial Age
35:10 Ballistics
36:31 Hand Cart
37:11 Iron Casting
37:27 Gold Shaft Mining
36:43 Stone Mining
38:22 Chemistry
37:58 Conscription
37:14 Cavalier
38:55 Padded Archer Armor
39:31 Savar
47:26 Masonry
Connection lost

Rejoining the realm…

Still unreachable

The connection could not be restored.

Session expired

The server has moved on; the page needs a fresh start.